 Dungeon Sprint DCSS version 0.21-a0-71-g5e5ddd2 (webtiles) character file.

6937 Kidiri the Basher (level 10, -1/93 HPs)
             Began as a Troll Monk on June 19, 2017.
             Was the Champion of Wu Jian.
             Killed from afar by a fire dragon (15 damage)
             ... with a blast of flame
             ... summoned by Polialoz
             ... in the Dungeon (Sprint V: "Ziggurat Sprint").
             The game lasted 00:08:12 (619 turns).

Kidiri the Basher (Troll Monk)                       Turns: 619, Time: 00:08:14

Health: -1/93      AC: 24    Str: 27    XL:     10   Next: 80%
Magic:  9/9        EV:  4    Int:  4    God:    Wu Jian [******]
Gold:   0          SH: 30    Dex: 21    Spells: 9/9 levels left

rFire    + . .     SeeInvis .   M - +6 shillelagh "Devastator" {shatter}
rCold    + + .     Gourm    +   K - +18 shield of the Gong {rElec rN+ MR+ EV-5}
rNeg     + . .     Faith    .   I - +5 gold dragon scales
rPois    +         Spirit   .   (helmet restricted)
rElec    +         Reflect  .   (no cloak)
rCorr    .         Harm     .   (gloves unavailable)
MR       +....     NoTele   +   (boots unavailable)
Stlth    ..........             (no amulet)
HPRegen  0.65/turn              y - +6 ring of dexterity
MPRegen  0.11/turn              C - +6 ring of strength

@: glowing, heavenly storm
A: unfitting armour, claws 3, blink, cold resistance 1, dopey 1, fast metabolism
3, frail 1, gourmand, regeneration 1, screaming 1, shaggy fur 1, tough skin 2
a: Blink, Serpent's Lash, Heavenly Storm, Renounce Religion


You were in the Dungeon.
You worshipped Wu Jian.
Wu Jian was exalted by your worship.
You were completely stuffed.

You visited 1 branch

Inventory:

Hand Weapons
 M - the +6 shillelagh "Devastator" (weapon) {shatter}
   (You found it in the Dungeon)
Armour
 I - +5 gold dragon scales (worn)
 K - the +18 shield of the Gong (worn) {rElec rN+ MR+ EV-5}
   (You found it in the Dungeon)

   It affects your evasion (-5).
   It insulates you from electricity.
   It protects you from negative energy.
   It affects your resistance to hostile enchantments.
Jewellery
 m - the ring of Larixze {Fire -Tele rElec Dex+2}
   (You found it in the Dungeon)

   [ring of fire]

   It enhances your fire magic.
   It affects your dexterity (+2).
   It protects you from fire.
   It makes you vulnerable to cold.
   It insulates you from electricity.
   It prevents most forms of teleportation.
 y - a +6 ring of dexterity (left claw)
 z - a +6 ring of dexterity
 A - a +6 ring of intelligence
 B - a +6 ring of intelligence
 C - a +6 ring of strength (right claw)
 D - a +6 ring of strength
Wands
 E - a wand of disintegration (7/24)
 F - a wand of iceblast (5/15)
 G - a wand of lightning (5/15)
 H - a wand of acid (5/15)
Scrolls
 i - 4 scrolls of blinking
 p - 4 scrolls of amnesia
 q - 3 scrolls of recharging
 r - 7 scrolls of fog
 s - a scroll of holy word
 t - 5 scrolls of identify
 u - 5 scrolls of remove curse
 v - 2 scrolls of fear
Potions
 d - 10 potions of curing
 e - 12 potions of heal wounds
 f - 6 potions of haste
 g - 7 potions of magic
 h - 3 potions of berserk rage
 j - 2 potions of brilliance
 k - 2 potions of invisibility
 l - 4 potions of resistance
 n - 5 potions of agility
 o - 5 potions of might
Comestibles
 a - 29 chunks of flesh
 c - 6 bread rations
 w - 42 fruits
 x - 4 meat rations


   Skills:
 + Level 7.8 Fighting
 * Level 11.7 Maces & Flails
 + Level 7.4 Armour
 * Level 10.9 Dodging
 * Level 8.3 Stealth
 + Level 7.4 Shields


You had 9 spell levels left.
You didn't know any spells.

Dungeon Overview and Level Annotations

Branches:
Dungeon (1/1)

Altars:
Ashenzari
Cheibriados
Dithmenos
Elyvilon
Fedhas
Gozag
Hepliaklqana
Kikubaaqudgha
Makhleb
Nemelex Xobeh
Okawaru
Qazlal
Ru
Sif Muna
Trog
Uskayaw
Vehumet
Wu Jian
Xom
Yredelemnul
Zin
The Shining One
Beogh
Jiyva
Lugonu


Innate Abilities, Weirdness & Mutations

You are too large for most types of armour.
You have claws for hands.
Your metabolism is lightning-fast.
You like to eat raw meat.
Your natural rate of healing is unusually fast.
You are covered in fur. (AC +1)
You have very tough skin. (AC +2)
You can translocate small distances at will.
Your flesh is cold resistant. (rC+)
You are dopey. (Int -2)
You are frail. (-10% HP)
You occasionally shout uncontrollably at your foes.


Message History

The fire dragon, the soul eater, Polialoz and the Hell Sentinel shudder.
The fire dragon is heavily wounded.
The soul eater is almost dead.
The Hell Sentinel is lightly wounded.
The fire dragon is heavily wounded.
You spin and attack the soul eater.
You sock the soul eater!
The soul eater, the fire dragons and Polialoz shudder.
You kill the soul eater!
Polialoz is moderately wounded.
You spin and attack the soul eater.
You sock the soul eater!
The soul eater and the fire dragon shudder.
The soul eater is severely wounded.
You block the fire dragon's attack.
GONNNNG!
You block the fire dragon's attack.
GONNNNG!
The fire dragon tramples you but does no damage.
The fire dragon breathes flames at you. The blast of flame hits you!
You resist.
You die...

▓.........▓.......▓
▓.........▓.......▓
▓.▓.....▓.▓.▓...▓.▓
▓.........▓.......▓
▓▓▓▓▓▓▓▓▓▓▓▓▓▓▓▓▓▓▓
▓...8©8...▓..8©8..▓
▓..:§§§§§§▓..[[}..▓
▓...§§§§§§▓..|[:..▓
▓...§§§@D1▓....(..▓
▓...§§3§&§▓..)))..▓
▓...§§§DD§▓..))...▓
▓....§§§§§▓.......▓
▓.▓.§§§§▓§▓.......▓
▓...§§§.§.▓...(...▓
▓▓▓▓▓▓▓▓▓▓▓▓▓▓▓▓▓▓▓


You could see Polialoz, a Hell Sentinel, 3 fire dragons and a soul eater.

Vanquished Creatures
  A yaktaur captain (D)
  4 vault guards (D)
  A soul eater (D)
  An ugly thing (D)
  A yaktaur (D)
  A red devil (D)
  2 wind drakes (D)
  2 air elementals (D)
  A human (shapeshifter) (D)
  3 insubstantial wisps (D)
  A naga (D)
  A swamp drake (shapeshifter) (D)
  3 orc warriors (D)
  A big kobold (shapeshifter) (D)
  7 orc priests (D)
  4 orc wizards (D)
  An iron imp (D)
  2 adders (D)
  A shadow imp (D)
  2 ufetubi (D)
  2 orcs (D)
  A ball python (D)
43 creatures vanquished.

Notes
Turn   | Place    | Note
-------+----------+-------------------------------------------
     0 | D        | Kidiri the Troll Monk began the quest for the Orb.
     0 | D        | Reached XP level 1. HP: 22/22 MP: 0/0
     0 | D        | Found a deep blue altar of Sif Muna.
     0 | D        | Found a sacrificial altar of Ru.
     0 | D        | Found a bloodstained altar of Trog.
     0 | D        | Found a stormy altar of Qazlal.
     0 | D        | Found an iron altar of Okawaru.
     0 | D        | Found a sparkling altar of Nemelex Xobeh.
     0 | D        | Found a blossoming altar of Fedhas.
     2 | D        | Found a transporter.
     2 | D        | Found an ancient bone altar of Kikubaaqudgha.
     2 | D        | Found a viscous altar of Jiyva.
     2 | D        | Found a corrupted altar of Lugonu.
     2 | D        | Found a hazy altar of Hepliaklqana.
     2 | D        | Found a burning altar of Makhleb.
     2 | D        | Found an opulent altar of Gozag.
    86 | D        | Became a worshipper of the Wu Jian Council
    86 | D        | Reached * piety under Wu Jian
    86 | D        | Reached ** piety under Wu Jian
    99 | D        | Reached skill level 4 in Maces & Flails
    99 | D        | Reached skill level 1 in Armour
    99 | D        | Reached skill level 1 in Shields
    99 | D        | Reached XP level 2. HP: 31/31 MP: 1/1
   100 | D        | Entered arena 2.
   100 | D        | Found a transporter.
   103 | D        | Reached XP level 3. HP: 23/37 MP: 2/2
   147 | D        | Entered arena 3.
   147 | D        | Found a transporter.
   150 | D        | Reached skill level 5 in Maces & Flails
   150 | D        | Reached XP level 4. HP: 48/48 MP: 3/3
   154 | D        | Reached *** piety under Wu Jian
   154 | D        | Reached skill level 5 in Dodging
   154 | D        | Reached XP level 5. HP: 41/54 MP: 4/4
   175 | D        | Entered arena 4.
   175 | D        | Noticed a steam dragon
   175 | D        | Noticed a green ugly thing
   175 | D        | Noticed a human
   175 | D        | Noticed a swamp drake
   175 | D        | Found a transporter.
   180 | D        | Killed a human
   180 | D        | Reached skill level 6 in Maces & Flails
   180 | D        | Reached XP level 6. HP: 55/63 MP: 5/5
   182 | D        | Killed a green ugly thing
   182 | D        | Reached skill level 5 in Fighting
   182 | D        | Reached skill level 7 in Maces & Flails
   182 | D        | Reached XP level 7. HP: 42/72 MP: 6/6
   182 | D        | Reached **** piety under Wu Jian
   182 | D        | Reached skill level 5 in Stealth
   183 | D        | a steam dragon changed into a big kobold
   198 | D        | Gained mutation: You are frail. (-10% HP) [mutagenic meat]
   200 | D        | Gained mutation: Your flesh is cold resistant. (rC+) [mutagenic meat]
   201 | D        | Gained mutation: You are dopey. (Int -2) [mutagenic meat]
   202 | D        | Gained mutation: You occasionally shout uncontrollably at your foes. [mutagenic meat]
   204 | D        | Gained mutation: You can translocate small distances at will. [mutagenic meat]
   218 | D        | Entered arena 5.
   218 | D        | Found a transporter.
   224 | D        | Reached ***** piety under Wu Jian
   224 | D        | Reached skill level 8 in Maces & Flails
   356 | D        | Entered arena 6.
   356 | D        | Found a transporter.
   359 | D        | Reached XP level 8. HP: 64/72 MP: 7/7
   378 | D        | Entered arena 7.
   379 | D        | Found a transporter.
   383 | D        | Reached skill level 5 in Armour
   383 | D        | Reached skill level 5 in Shields
   383 | D        | Reached ****** piety under Wu Jian
   402 | D        | Entered arena 8.
   402 | D        | Noticed a vault guard
   402 | D        | Noticed a vault guard
   402 | D        | Noticed a yaktaur
   402 | D        | Noticed a vault guard
   402 | D        | Noticed a yaktaur captain
   402 | D        | Noticed a vault guard
   405 | D        | Found a transporter.
   408 | D        | Killed a yaktaur captain
   408 | D        | Reached skill level 9 in Maces & Flails
   408 | D        | Reached XP level 9. HP: 74/80 MP: 8/8
   408 | D        | Killed a vault guard
   408 | D        | Reached skill level 10 in Maces & Flails
   408 | D        | Killed a vault guard
   409 | D        | Killed a yaktaur
   410 | D        | Killed a vault guard
   410 | D        | Reached skill level 10 in Dodging
   410 | D        | Reached XP level 10. HP: 50/91 MP: 9/9
   410 | D        | Killed a vault guard
   410 | D        | Reached skill level 11 in Maces & Flails
   430 | D        | Got the ring of Larixze {Fire -Tele rElec Dex+2}
   476 | D        | Entered arena 9.
   477 | D        | Found a transporter.
   600 | D        | Entered arena 10.
   600 | D        | Noticed a soul eater
   600 | D        | Noticed a soul eater
   600 | D        | Noticed Polialoz the pandemonium lord
   602 | D        | Found a transporter.
   606 | D        | Noticed a fire dragon
   613 | D        | Noticed a fire dragon
   616 | D        | Noticed a fire dragon
   619 | D        | Killed a soul eater
   619 | D        | Noticed a Hell Sentinel
   619 | D        | Killed from afar by a fire dragon

Vault maps used:
D:        sprint_v

Skill      XL: |  1  2  3  4  5  6  7  8  9 10 |
---------------+-------------------------------+-----
Fighting       | 3 4 5 6 7 |  7.8
Maces & Flails | 4 5 6 7 8 9 10 11 | 11.7
Armour         | 1 2 3 4 5 6 7 |  7.4
Dodging        | 3 4 5 6 7 8 10 | 10.9
Stealth        | 2 3 4 5 6 7 8 |  8.3
Shields        | 1 2 3 4 5 6 7 |  7.4

Action                   |  1- 3 |  4- 6 |  7- 9 | 10-12 || total
-------------------------+-------+-------+-------+-------++-------
Melee: Shillelagh        |     7 |    15 |    37 |    83 ||   142
Invok: Serpent's Lash    |       |       |     1 |     1 ||     2
       Heavenly Storm    |       |       |     1 |     1 ||     2
  Use: Potion            |     1 |       |       |     2 ||     3
  Eat: Chunk             |     4 |     2 |    11 |     2 ||    19
Armor: Robe              |     4 |     1 |     1 |       ||     6
       Gold dragon scale |       |       |     7 |    34 ||    41
Dodge: Dodged            |     2 |     9 |     5 |    11 ||    27
Block: Shield            |       |       |       |    13 ||    13
